 Dungeon Sprint DCSS version 0.28-a0-206-gc2c9e32840 (webtiles) character file.

Game seed: 2585939642397571844

8 MikeHunt the Ducker (level 2, -4/23 HPs)
             Began as a Djinni Earth Elementalist on Aug 20, 2021.
             Slain by a scorpion (7 damage)
             ... in the Dungeon (Sprint IX: "|||||||||||||||||||||||||||||").
             The game lasted 00:00:36 (169 turns).

MikeHunt the Ducker (Djinni Earth Elementalist)      Turns: 169, Time: 00:00:37

Health: -4/23      AC:  2    Str:  7    XL:     2   Next: 15%
Gold:   0          EV: 13    Int: 16    God:
                   SH:  0    Dex: 13

rFire   + + .      SeeInvis .   (no weapon)
rCold   x . .      Faith    .   (no shield)
rNeg    . . .      Spirit   .   b - +0 robe
rPois   ∞          Reflect  .   (no helmet)
rElec   .          Harm     .   (no cloak)
rCorr   .          Rampage  .   (no gloves)
Will    .....      NoTele   +   (boots unavailable)
Stlth   ++........              (no amulet)
HPRegen 0.07/turn               (no ring)
MPRegen 0.00/turn               (no ring)

@: flying
A: sickness immunity, fire resistance 2, cold vulnerability 1, float, innate
caster, hp casting, extra vitality 1
a: no special abilities


You were in the Dungeon.
You visited 1 branch

Inventory:

Missiles
 h - 7 stones
Armour
 b - a +0 robe (worn)
Scrolls
 g - a scroll of blinking
Potions
 d - a potion of heal wounds
 e - a potion of haste
 f - a potion of berserk rage


   Skills:
 + Level 1.8 Fighting
 + Level 3.2 Dodging
 - Level 1.5 Stealth
 * Level 3.1 Spellcasting


You couldn't memorise any spells.
You knew the following spells:

 Your Spells              Type           Power      Damage    Failure   Level
b - Passwall              Tmut/Erth      10%        N/A       8%          2
c - Stone Arrow           Conj/Erth      24%        3d8       16%         3
d - Petrify               Tmut/Erth      12%        N/A       45%         4
e - Sandblast             Erth           24%        2d8       5%          1
Your spell library was empty.

Dungeon Overview and Level Annotations

Branches:
Dungeon (1/1)

Altars:


Innate Abilities, Weirdness & Mutations

You are immune to sickness and miasma.
You are immune to poison.
Your flesh is very heat resistant. (rF++)
You are vulnerable to cold. (rC-)
You float through the air rather than walking.
You learn spells naturally, not from books.
Your magical power is your life essence.
You have superior vitality. (+4 HP)


Message History

Press: ? - help, Shift-Dir - straight line, f/p - scorpion
Aim: a scorpion (severely wounded, 79% to hit)
The blast of sand hits the scorpion.
The scorpion is almost dead.
The scorpion closely misses you. The scorpion barely misses you.
Casting: Sandblast (safe; 5% risk of failure)
Confirm with . or Enter, or press ? or * to list all spells.
Aiming: Sandblast (safe; 5% risk of failure)
Press: ? - help, Shift-Dir - straight line, f/p - scorpion
Aim: a scorpion (almost dead, 79% to hit)
The blast of sand hits the scorpion but does no damage.
The scorpion is almost dead.
The scorpion misses you.
Casting: Sandblast (safe; 5% risk of failure)
Confirm with . or Enter, or press ? or * to list all spells.
Aiming: Sandblast (safe; 5% risk of failure)
Press: ? - help, Shift-Dir - straight line, f/p - scorpion
Aim: a scorpion (almost dead, 79% to hit)
The blast of sand hits the scorpion but does no damage.
The scorpion is almost dead.
The scorpion stings you.
Casting: Sandblast (safe; 5% risk of failure)
Confirm with . or Enter, or press ? or * to list all spells.
Aiming: Sandblast (safe; 5% risk of failure)
Press: ? - help, Shift-Dir - straight line, f/p - scorpion
Aim: a scorpion (almost dead, 79% to hit)
The blast of sand hits the scorpion.
The scorpion is almost dead.
The scorpion stings you.
* * * LOW HITPOINT WARNING * * *
Casting: Sandblast (safe; 5% risk of failure)
Confirm with . or Enter, or press ? or * to list all spells.
Aiming: Sandblast (safe; 5% risk of failure)
Press: ? - help, Shift-Dir - straight line, f/p - scorpion
Aim: a scorpion (almost dead, 79% to hit)
The blast of sand misses the scorpion.
The blast of sand hits the hound.
The hound is moderately wounded.
* * * LOW HITPOINT WARNING * * *
The scorpion stings you!
You die...

▓.▓
▓.▓
▓.▓
▓)▓
▓†▓
▓.▓
▓.▓
▓.▓
▓@▓
▓s▓
▓h▓
▓l▓
▓.▓
▓.▓
▓.▓
▓+▓


You could see a scorpion, an iguana and a hound.

Vanquished Creatures
  A dart slug (D)
  An orc (D)
  2 ball pythons (D)
  A kobold (D)
  2 rats (D)
7 creatures vanquished.

Notes
Turn   | Place    | Note
-------+----------+-------------------------------------------
     0 | D        | MikeHunt the Djinni Earth Elementalist began the quest for
                  | the Orb.
     0 | D        | Reached XP level 1. HP: 15/15 MP: 0/0
     8 | D        | Reached skill level 1 in Fighting
   151 | D        | Noticed a scorpion
   151 | D        | Noticed a hound
   151 | D        | Noticed an iguana
   154 | D        | Reached XP level 2. HP: 20/23 MP: 0/0
   169 | D        | Slain by a scorpion

Illustrated notes

Levels and vault maps discovered:
D:        linesprint [early_d, line_temple, items_1, d_10, items_2, lair_1,
          lair_end, items_3, orc_1, orc_end, items_4, d_15, swamp_1, shoals_1,
          snake_1, spider_1, d_20, vaults_1, items_5, swamp_end, shoals_end,
          snake_end, spider_end, vaults_end, d_27, items_6, zot_1, zot_end,
          crypt_end, forest_end, elf_end, slime_end, tomb_end, abyss_end,
          pan_hell_end]

Skill      XL: |  1 |
---------------+----+-----
Fighting       | 1 |  1.8
Dodging        | 3 |  3.2
Spellcasting   | 3 |  3.1
Stealth        | |  1.5

Action                   || total
-------------------------++-------
 Cast: Sandblast         ||    23
  Use: Potion            ||     1
Armor: Robe              ||     1
Dodge: Dodged            ||    12

Table legend: (Time is in decaauts)
 A = Elapsed time spent in this place.
 B = Non-inter-level travel time spent in this place.
 C = Inter-level travel time spent in this place.
 D = Time resting spent in this place.
 E = Time spent auto-exploring this place.
 F = Levels seen in this place.
 G = Mean time per level.
                   A        B        C        D        E       F      G
               +--------+--------+--------+--------+--------+-----+--------+
         Total |    169 |    169 |      0 |    134 |      0 |   1 |  169.0 |
       Dungeon |    169 |    169 |      0 |    134 |      0 |   1 |  169.0 |
               +--------+--------+--------+--------+--------+-----+--------+

Top non-repeatable levels by time:
       D: 169 daAuts
